 Dungeon Crawl Stone Soup version 0.27.1-33-g824d729ab1 (webtiles) character file.

Game seed: 4295626858602818801

8783 pkoi the Martial Artist (level 11, -11/88 HPs)
             Began as a Purple Draconian Monk on Dec 28, 2021.
             Was an Elder of Okawaru.
             Mangled by a sixfirhy (12 damage)
             ... summoned by a kobold demonologist
             ... on level 10 of the Dungeon.
             The game lasted 00:21:33 (14522 turns).

pkoi the Martial Artist (Purple Draconian Monk)    Turns: 14522, Time: 00:21:33

Health: -11/88     AC: 10    Str: 19    XL:     11   Next: 14%
Magic:  14/14      EV: 22    Int: 14    God:    Okawaru [****..]
Gold:   556        SH:  0    Dex: 14    Spells: 10/10 levels left

rFire    . . .     SeeInvis .     - Unarmed
rCold    . . .     Faith    .   (no shield)
rNeg     . . .     Spirit   .   (armour unavailable)
rPois    .         Reflect  .   (helmet restricted)
rElec    .         Harm     .   (no cloak)
rCorr    .         Rampage  .   k - +0 pair of gloves
Will     +....                  w - +1 pair of boots
Stlth    +++.......             (no amulet)
HPRegen  0.24/turn              F - +4 ring of evasion
MPRegen  0.14/turn              t - +6 ring of strength

@: about to teleport, heroic, studying Necromancy
A: breathe power, AC +7, unfitting armour, cold-blooded
a: Breathe Dispelling Energy, Renounce Religion, Heroism


You were on level 10 of the Dungeon.
You worshipped Okawaru.
Okawaru was greatly pleased with you.
You visited 2 branches of the dungeon, and saw 11 of its levels.

You collected 556 gold pieces.

Inventory:

Hand Weapons
 b - a +0 fustibalus
 D - a +1 hunting sling of flaming
Missiles
 q - 7 boomerangs of dispersal (quivered)
 u - 6 poisoned darts
 x - 6 datura-tipped darts
 z - 170 sling bullets
Armour
 k - a +0 pair of gloves (worn)
 s - a +0 cloak
 w - a +1 pair of boots (worn)
Jewellery
 c - a ring of see invisible
 t - a +6 ring of strength (right hand)
 C - a ring of positive energy
 F - a +4 ring of evasion (left hand)
Wands
 d - a wand of mindburst (8)
 l - a wand of polymorph (6)
 B - a wand of acid (6)
Scrolls
 a - 3 scrolls of magic mapping
 e - 5 scrolls of identify
 f - a scroll of teleportation
 h - 2 scrolls of fear {unknown}
 i - a scroll of fog {unknown}
 j - a scroll of enchant weapon
 m - 2 scrolls of amnesia
 n - 3 scrolls of enchant armour
 v - a scroll of silence
 y - a scroll of brand weapon
Potions
 g - 3 potions of curing
 o - 2 potions of brilliance {unknown}
 p - 3 potions of mutation
 r - 2 potions of flight
 A - 2 potions of might
 E - 2 potions of berserk rage {unknown}


   Skills:
 - Level 5.3(10.3) Fighting
 - Level 4.3(9.3) Slings
 + Level 7.9(12.9) Dodging
 - Level 1.7(6.7) Stealth
 * Level 12.8(17.8) Unarmed Combat
 - Level 4.0 Invocations
 - Level 4.5 Evocations


You had 10 spell levels left.
You didn't know any spells.
Your spell library contained the following spells:

 Spells                   Type           Power      Damage    Failure   Level
 Corona                   Hex            0%         N/A       28%         1
 Magic Dart               Conj           0%         1d3       28%         1
 Ensorcelled Hibernation  Hex/Ice        0%         N/A       41%         2
 Searing Ray              Conj           0%         3d3       41%         2
 Tukima's Dance           Hex            0%         N/A       65%         3
 Fulminant Prism          Conj/Hex       0%         3d6       96%         4
 Iskenderun's Battlesphe  Conj           0%         2d6       100%        5
 Summon Forest            Summ/Tloc      0%         N/A       100%        5
 Dispersal                Tloc           0%         N/A       100%        6
 Disjunction              Tloc           0%         N/A       100%        8


Dungeon Overview and Level Annotations

Branches:
Dungeon (10/15)            Temple (1/1) D:4             Orc (0/2) D:10
   Lair: D:8-11

Altars:
Ashenzari
Cheibriados
Dithmenos
Elyvilon
Fedhas
Gozag
Hepliaklqana
Kikubaaqudgha
Makhleb
Nemelex Xobeh
Okawaru
Qazlal
Ru
Sif Muna
Trog
Uskayaw
Vehumet
Wu Jian
Xom
Yredelemnul
Zin
The Shining One

Shops:
D:5 *

Annotations:
D:5 2 transporters, jlumianski's ghost, amateur GrMo
D:8 exclusion: 2 doors


Innate Abilities, Weirdness & Mutations

You can breathe bolts of dispelling energy.
Your rich purple scales are hard. (AC +7)
You cannot fit into any form of body armour.
You are cold-blooded and may be slowed by cold attacks.


Message History

The sixfirhy closely misses you.
There is an open door here.
The sixfirhy hits you. The sixfirhy shocks you!
The sixfirhy closely misses you. The sixfirhy completely misses you. x2
You closely miss the sixfirhy. The sixfirhy barely misses you.
You miss the sixfirhy. You barely miss the sixfirhy.
Your tail-slap misses the sixfirhy.
You hit the sixfirhy.
The sixfirhy is lightly wounded.
You punch the sixfirhy!
The sixfirhy is heavily wounded.
The sixfirhy hits you. The sixfirhy shocks you!
The sixfirhy completely misses you.
You miss the sixfirhy.
The sixfirhy is moderately wounded.
The sixfirhy barely misses you. The sixfirhy misses you. The sixfirhy hits you!
* * * LOW HITPOINT WARNING * * *
The sixfirhy shocks you!
* * * LOW HITPOINT WARNING * * *
You miss the sixfirhy. Your punch misses the sixfirhy.
The sixfirhy is moderately wounded.
The sixfirhy misses you. The sixfirhy closely misses you.
Unknown command.
Things that are here:
a +0 dagger; a +0 robe The sixfirhy closely misses you.
The sixfirhy closely misses you. The sixfirhy hits you!
* * * LOW HITPOINT WARNING * * *
The sixfirhy shocks you!
* * * LOW HITPOINT WARNING * * *
The sixfirhy closely misses you. The sixfirhy completely misses you.
There is an open door here.
Okay, then.
Unknown command.
As you read the scroll labelled MOINTE TOFI, it crumbles to dust.
You feel strangely unstable.
It was a scroll of teleportation.
The sixfirhy hits you.
* * * LOW HITPOINT WARNING * * *
The sixfirhy shocks you!
You die...

.. ........#
.......#..# ##
#######.##
########'##
.........# ##8##...#
..#.....## +...'..##
#.....# #8)8#.#.#
#.....######8O8#####
+..........#8.8#
#..........##'##.#
#..........@3....#
#........>...........
######......########.
#.....## #.....#
#.....# #.....#
#####..


You could see a sixfirhy (summoned).

Vanquished Creatures
  A two-headed ogre (D:9)
  Pikel (D:9)
  An orc knight (D:10)
  4 molten gargoyles (D:9)
  A troll (D:8)
  A meliai zombie (D:10)
  A wraith (D:10)
  A shadow (D:10)
  A wyvern (D:9)
  9 yaks
  2 vampire mosquitoes (D:9)
  Edmund (D:6)
  Menkaure (D:6)
  An acid dragon (D:7)
  A sky beast (D:6)
  5 orc warriors
  3 black bears
  2 ice beasts
  An ogre (D:4)
  A necrophage (D:6)
  A centaur (D:7)
  A phantom (D:5)
  A kobold brigand (D:4)
  4 bullfrogs
  A wyvern zombie (D:5)
  3 scorpions
  A wyvern skeleton (D:6)
  2 water moccasin skeletons
  6 killer bees (D:9)
  4 howler monkeys (D:9)
  3 bullfrog zombies
  4 jellies
  2 hounds (D:5)
  A centaur skeleton (D:7)
  An orc priest (D:8)
  Crazy Yiuf (D:6)
  2 gnoll shamans
  2 iguanas (D:4)
  3 orc wizards
  2 hound skeletons (D:4)
  A howler monkey zombie (D:9)
  Robin (D:2)
  6 adders
  13 gnolls
  An ufetubus (D:6)
  3 adder skeletons (D:4)
  5 dart slugs
  23 orcs
  7 endoplasms
  2 giant cockroaches (D:4)
  17 goblins
  16 hobgoblins
  7 jackals
  6 kobolds
  3 quokkas
  8 ball pythons
  7 bats
  5 frilled lizards
  8 rats
223 creatures vanquished.

Vanquished Creatures (others)
  4 fungi (D:6)
4 creatures vanquished.

Grand Total: 227 creatures vanquished

Notes
Turn   | Place    | Note
-------+----------+-------------------------------------------
     0 | D:1      | pkoi the Draconian Monk began the quest for the Orb.
     0 | D:1      | Reached XP level 1. HP: 19/19 MP: 1/1
   164 | D:1      | Reached XP level 2. HP: 20/26 MP: 2/2
   718 | D:1      | Reached skill level 4 in Unarmed Combat
  1143 | D:1      | Reached XP level 3. HP: 31/31 MP: 3/3
  1383 | D:1      | Found a faded altar of an unknown god.
  1832 | D:2      | Noticed Robin
  2062 | D:2      | Killed Robin
  2063 | D:2      | Reached XP level 4. HP: 34/38 MP: 4/4
  2070 | D:2      | Reached skill level 5 in Unarmed Combat
  3217 | D:2      | Reached XP level 5. HP: 17/45 MP: 5/5
  3814 | D:4      | Reached skill level 6 in Unarmed Combat
  4107 | D:4      | Noticed a black bear
  4165 | D:4      | Reached XP level 6. HP: 39/51 MP: 6/6
  4290 | D:4      | Reached skill level 7 in Unarmed Combat
  4738 | D:4      | Your scales start taking on a rich purple colour.
  4738 | D:4      | Reached XP level 7. HP: 33/57 MP: 7/7
  5055 | D:4      | Found a staircase to the Ecumenical Temple.
  5064 | Temple   | Entered the Ecumenical Temple
  5239 | Temple   | Became a worshipper of Warmaster Okawaru
  5239 | Temple   | Reached * piety under Okawaru
  5239 | Temple   | Reached ** piety under Okawaru
  5398 | D:4      | Reached skill level 8 in Unarmed Combat
  5603 | D:5      | Entered Level 5 of the Dungeon
  6069 | D:1      | Identified a scroll of acquirement
  6069 | D:1      | Acquired a manual of Necromancy
  6519 | D:5      | Reached skill level 1 in Slings
  6743 | D:5      | Reached skill level 1 in Invocations
  6866 | D:5      | Reached XP level 8. HP: 63/63 MP: 8/8
  6916 | D:5      | Found Ommiun's Elemental Accessories.
  6943 | D:5      | Noticed jlumianski's ghost (amateur GrMo)
  6944 | D:5      | Found a transporter.
  6973 | D:5      | Found a transporter.
  7213 | D:6      | Noticed Menkaure
  7239 | D:5      | Reached skill level 9 in Unarmed Combat
  7544 | D:6      | Reached skill level 1 in Evocations
  7791 | D:6      | Noticed Edmund
  7804 | D:6      | Killed Edmund
  8093 | D:6      | Killed Menkaure
  8094 | D:6      | Reached skill level 5 in Dodging
  8369 | D:6      | Found a runed translucent door.
  8370 | D:6      | Noticed Crazy Yiuf
  8379 | D:6      | Killed Crazy Yiuf
  8632 | D:6      | Reached *** piety under Okawaru
  8874 | D:7      | Reached XP level 9. HP: 56/71 MP: 11/11
  8974 | D:7      | Received a gift from Okawaru
  9175 | D:7      | Reached skill level 10 in Unarmed Combat
  9814 | D:8      | Noticed a troll
  9821 | D:8      | Killed a troll
  9917 | D:8      | Noticed a vault sentinel
  9917 | D:8      | Noticed a vault sentinel
 10373 | D:8      | Got the Catalogue of Conjuration and the Traveller
 10550 | D:9      | Received a gift from Okawaru
 10816 | D:9      | Found an opulent altar of Gozag.
 10855 | D:9      | Reached skill level 5 in Fighting
 11230 | D:9      | Noticed a molten gargoyle
 11520 | D:9      | Noticed a two-headed ogre
 11530 | D:9      | Killed a two-headed ogre
 11530 | D:9      | Reached **** piety under Okawaru
 11531 | D:9      | Reached XP level 10. HP: 37/81 MP: 11/13
 11749 | D:9      | Noticed a molten gargoyle
 11802 | D:9      | Reached skill level 11 in Unarmed Combat
 12413 | D:9      | Noticed Pikel
 12422 | D:9      | Killed Pikel
 12687 | D:9      | Noticed a molten gargoyle
 12850 | D:9      | Noticed a molten gargoyle
 12928 | D:9      | Killed a molten gargoyle
 13089 | D:9      | Killed a molten gargoyle
 13090 | D:9      | Reached skill level 12 in Unarmed Combat
 13110 | D:9      | Killed a molten gargoyle
 13411 | D:9      | Killed a molten gargoyle
 13411 | D:9      | Received a gift from Okawaru
 13570 | D:10     | Entered Level 10 of the Dungeon
 13688 | D:10     | Reached XP level 11. HP: 59/88 MP: 12/14
 13842 | D:10     | Found a staircase to the Orcish Mines.
 13848 | D:10     | Noticed an orc knight
 14132 | D:10     | Killed an orc knight
 14499 | D:10     | Noticed a two-headed ogre
 14500 | D:10     | Noticed a sixfirhy
 14519 | D:10     | HP: 4/88 [sixfirhy[a kobold demonologist] (12)]
 14522 | D:10     | HP: 1/88 [sixfirhy[a kobold demonologist] (4)]
 14522 | D:10     | Mangled by a sixfirhy

Illustrated notes

Levels and vault maps discovered:
D:1:      grunt_arrival_lava_bath, layout_basic,
          dilly_ecumenical_altar_fadedgnrine, st_stairs_7
D:2:      layout_basic, minmay_vboxes, uniq_robin
D:3:      layout_loops_cross
D:4:      minmay_clustersquares, layout_basic, temple_green
D:5:      layout_rooms, gammafunk_ghost_smash, nicolae_elemental_shop,
          grunt_ministairs_11
D:6:      layout_basic, hangedman_abyss_or_decor_passed, uniq_menkaure,
          uniq_edmund, uniq_crazy_yiuf_cottage
D:7:      layout_rooms, chequers_hall_statues_wall_a
D:8:      layout_basic, hellmonk_guarded_unrand_gong
D:9:      layout_roguey, lemuel_crystal_altar, minmay_misc_feat_nine_boxes,
          minivault_8, uniq_pikel
D:10:     minmay_chambers_of_sevens, layout_basic, orc_david_3
Temple:   minmay_crystal_snake_temple

Skill      XL: |  1  2  3  4  5  6  7  8  9 10 |
---------------+-------------------------------+-----
Unarmed Combat | 4 5 6 7 8 9 10 12 | 12.8
Dodging        | 3 4 5 6 7 |  7.9
Slings         | 1 3 4 |  4.3
Invocations    | 1 3 4 |  4.0
Evocations     | 2 4 |  4.5
Fighting       | 5 |  5.3
Stealth        | |  1.7

Action                   |  1- 3 |  4- 6 |  7- 9 | 10-12 || total
-------------------------+-------+-------+-------+-------++-------
Melee: Unarmed           |   148 |   191 |   344 |   165 ||   848
       Tailslap          |    14 |    25 |    41 |    33 ||   113
       Punch             |     2 |     5 |    15 |    13 ||    35
 Fire: Hunting sling     |       |       |   108 |       ||   108
       Fustibalus        |       |       |       |     5 ||     5
Throw: Boomerang         |       |       |       |     1 ||     1
Invok: Heroism           |       |       |     9 |    13 ||    22
 Abil: Breathe Dispellin |       |       |     1 |       ||     1
  Use: Scroll            |       |       |    11 |     1 ||    12
       Potion            |       |       |     7 |       ||     7
 Stab: Sleeping          |     3 |     8 |     2 |       ||    13
       Distracted        |       |     1 |       |       ||     1
Armor: Skin              |    45 |    47 |    83 |    18 ||   193
Dodge: Dodged            |    93 |   101 |   222 |    92 ||   508
